 Dungeon Crawl Stone Soup version 0.31-a0-971-g75a2e9a4b4 (webtiles) character file.

Game seed: 14365117407090595472

238728 Xavori the Spry (level 20, -9/148 HPs)
             Began as a Djinni Chaos Knight on Oct 28, 2023.
             Was a Favourite Plaything of Xom.
             Mangled by a deep elf blademaster
             ... wielding a +0 short sword
              (16 damage)
             ... on level 3 of the Elven Halls.
             The game lasted 01:12:44 (42241 turns).

Xavori the Spry (Djinni Chaos Knight)              Turns: 42241, Time: 01:12:45

Health: -9/148     AC: 25    Str: 12    XL:     20   Next: 52%
Gold:   2487       EV: 30    Int: 17    God:    Xom [.*....] SH: 13 Dex: 40

rFire   + + +        s - +6 falchion "Embalmer" {heavy, Str+2 Stlth+}
rCold   x . .        y - +1 buckler of Yschatsojur {Dex+4}
rNeg    + + +        L - quicksilver dragon scales
rPois   ∞            P - +2 hat
rElec   +            (no cloak)
rCorr   .            K - +1 pair of gloves of Oblivion {rF+ rN++ Regen+}
SInv    .            (boots unavailable)
Will    +++++        V - amulet of reflection
Stlth   +++          m - ring of Generosity {rElec Dex+6}
HPRegen 1.24/turn    j - ring "Aqaos" {rN+ Int+2 Dex+6}
MPRegen 0.00/turn

%: reflection, infuse magic (-10 HP)
@: flying
A: sickness immunity, fire resistance 2, cold vulnerability 1, float, innate
caster, HP casting, extra vitality 1, iridescent scales 3, agile 1,
strong-willed 2, screaming 2, electricity resistance, inability to drink after
injury 1, MP-powered wands
}: 1/15 runes: serpentine
a: Renounce Religion


You were on level 3 of the Elven Halls.
You worshipped Xom.
You were a plaything of Xom.
You visited 5 branches of the dungeon, and saw 29 of its levels.
You also visited: Gauntlet.

You collected 4259 gold pieces.
You spent 1772 gold pieces at shops.

Inventory:

Hand Weapons
 a - a +0 falchion of chaos
 d - a +0 scimitar of freezing
 i - a +1 falchion of electrocution
 s - the +6 falchion "Embalmer" (weapon) {heavy, Str+2 Stlth+}
   (You bought it in a shop on level 4 of the Snake Pit)

   Str+2:     It affects your strength (+2).
   Stlth+:    It makes you more stealthy.
Armour
 y - the +1 buckler of Yschatsojur (worn) {Dex+4}
   (You found it on level 6 of the Dungeon)

   Dex+4:     It affects your dexterity (+4).
 K - the +1 pair of gloves of Oblivion (worn) {rF+ rN++ Regen+}
   (You found it in a Gauntlet)

   rF+:       It protects you from fire.
   rN++:      It greatly protects you from negative energy.
   Regen+:    It increases your rate of health regeneration.
 L - quicksilver dragon scales (worn)
 P - a +2 hat (worn)
Jewellery
 j - the ring "Aqaos" (right hand) {rN+ Int+2 Dex+6}
   (You found it in a Gauntlet)

   [ring of positive energy]

   Int+2:     It affects your intelligence (+2).
   Dex+6:     It affects your dexterity (+6).
   rN+:       It protects you from negative energy.
 l - a +4 ring of protection
 m - the ring of Generosity (left hand) {rElec Dex+6}
   (You found it in a Gauntlet)

   [ring of dexterity]

   Dex+6:     It affects your dexterity (+6).
   rElec:     It insulates you from electricity.
 G - a ring of fire
 O - a ring of see invisible
 Q - a ring of fire
 S - a ring of willpower
 U - a ring of ice
 V - an amulet of reflection (around neck)
Wands
 b - a wand of digging (4)
 r - a wand of flame (58)
 w - a wand of polymorph (33)
 x - a wand of roots (52)
 D - a wand of mindburst (20)
 J - a wand of charming (16)
 N - a wand of light (2)
Scrolls
 c - 3 scrolls of butterflies
 g - 6 scrolls of teleportation
 h - a scroll of silence
 k - 2 scrolls of amnesia
 n - 3 scrolls of fear
 o - 5 scrolls of vulnerability
 q - 4 scrolls of enchant armour
 u - 6 scrolls of enchant weapon
 z - 2 scrolls of blinking
 E - 4 scrolls of immolation
 F - 4 scrolls of noise
 I - 4 scrolls of brand weapon
 M - 6 scrolls of poison
 X - 3 scrolls of revelation
 Z - 3 scrolls of fog
Potions
 e - 4 potions of enlightenment
 f - 12 potions of curing
 p - a potion of invisibility
 t - 8 potions of mutation
 v - 3 potions of brilliance
 A - 4 potions of might
 B - 2 potions of lignification
 C - 3 potions of cancellation
 H - a potion of haste
 R - 6 potions of ambrosia
 T - a potion of heal wounds
 W - a potion of resistance
Miscellaneous
 Y - a lightning rod (2/4)


   Skills:
 + Level 14.5 Fighting
 + Level 13.3 Long Blades
 + Level 14.2 Armour
 + Level 15.5 Dodging
 * Level 13.8 Spellcasting
 * Level 13.8 Conjurations
 * Level 13.8 Hexes
 * Level 13.8 Summonings
 * Level 13.8 Necromancy
 * Level 13.8 Translocations
 * Level 13.8 Transmutations
 * Level 13.8 Fire Magic
 * Level 13.8 Ice Magic
 * Level 13.8 Air Magic
 * Level 13.8 Earth Magic
 * Level 13.8 Poison Magic
 - Level 4.2 Evocations
 * Level 10.4 Shapeshifting


You knew the following spells:

 Your Spells              Type           Power      Damage    Failure   Level
a - Kiss of Death         Conj/Necr      100%       2d13      1%          1
b - Call Imp              Summ           100%       N/A       1%          2
c - Mephitic Cloud        Conj/Pois/Air  56%        N/A       1%          3
d - Vhi's Electric Charg  Tloc/Air       100%       N/A       1%          4
e - Fireball              Conj/Fire      28%        3d12      1%          5
f - Irradiate             Conj/Tmut      28%        3d21      1%          5
g - Dispersal             Tloc           28%        N/A       8%          6
h - Simulacrum            Ice/Necr       28%        N/A       8%          6
i - Ozocubu's Refrigerat  Ice            28%        4d13      38%         7
Your spell library was empty.

Dungeon Overview and Level Annotations

Branches:
Dungeon (15/15)            Temple (0/1) D:5            Lair (5/5) D:10
 Shoals (0/4) Lair:2        Snake (4/4) Lair:3        Slime (0/5) Lair:5
    Orc (2/2) D:11            Elf (3/3) Orc:2        Vaults (0/5) D:13
 Depths (0/4) D:15        Gauntlet (visited)

Altars:
Ashenzari
Dithmenos
Fedhas
Gozag
Nemelex Xobeh
Qazlal
Ru
Trog
Xom
The Shining One
Jiyva

Shops:
D:10 ?(?(!   D:14 *   Orc:2 (((:*   Elf:1 [   Elf:2 =   Snake:4 !*[(

Portals:
Gauntlet: Lair:3

Annotations:
D:9 exclusion: orange crystal statue
D:10 1 runed translucent door, bakla's ghost, journeyman TrSh
Lair:5 1 runed translucent door, Runia's ghost, journeyman GnRe


Innate Abilities, Weirdness & Mutations

You are immune to sickness and miasma.
You are immune to poison.
Your flesh is very heat resistant. (rF++)
You are vulnerable to cold. (rC-)
You float through the air rather than walking.
You learn spells naturally, not from books.
Your magical power is your life essence.
You have superior vitality. (+4 MHP)
You are completely covered in iridescent scales. (AC +6)
You are agile. (Dex +4, Str/Int -1)
You are highly strong-willed. (Will++)
You frequently scream uncontrollably at your foes.
You are resistant to electric shocks. (rElec)
You occasionally lose the ability to drink potions when taking damage.
You expend health (3 HP) to strengthen your wands.


Message History

The floor, spattered with blood.
You miss the deep elf blademaster.
The deep elf blademaster is almost dead.
The deep elf blademaster barely misses you.
The deep elf blademaster completely misses you.
You block the deep elf blademaster's attack.
The deep elf blademaster hits you with a +0 short sword!
The deep elf high priest completely misses you.
You hit the deep elf blademaster.
The deep elf blademaster is almost dead.
The deep elf blademaster hits you but does no damage. x2
The deep elf high priest mumbles some strange prayers to its god against you.
Something smites you!
* * * LOW HITPOINT WARNING * * *
The deep elf blademaster hits you with a +0 short sword!
* * * LOW HITPOINT WARNING * * *
You block the deep elf blademaster's attack.
Unknown command.
You barely miss the deep elf blademaster.
The deep elf blademaster is almost dead.
The deep elf blademaster barely misses you.
The deep elf blademaster hits you but does no damage.
The deep elf high priest prays.
The deep elf high priest mumbles some strange prayers to its god against you.
Something smites you!
* * * LOW HITPOINT WARNING * * *
You completely miss the deep elf blademaster.
The deep elf blademaster is almost dead.
Xom's power almost touches on you for a moment.
Your hat leaps into the air, briefly spins, then lands back on your head!
The deep elf blademaster hits you but does no damage.
You block the deep elf blademaster's attack.
The deep elf high priest barely misses you.
You hit the deep elf blademaster.
The deep elf blademaster is almost dead.
The deep elf blademaster hits you with a +0 short sword.
* * * LOW HITPOINT WARNING * * *
The deep elf blademaster barely misses you.
The deep elf blademaster hits you with a +0 short sword!
You die...

*
,,,,#......##,##...)..#,,,,,
**,,,,#....)).###.......#,,
,*
**,,,##......)........##,,,**
** ,,##........_.)..##,,***
**,,#...e.........#,,**
***###...(..)..### **
##..)))..## ####)#### #####
#@e)# ####...# #)e)#
##....... ##)#.# #........
##.)#)# #.).)[.). ##.#_#.#
##.)..... ##.##_#.#
##.###)### ##.###.#.#
##.####.# #.####.#.#
##[####..#
###.....####.####.#.#


You could see a deep elf blademaster and a deep elf high priest.

Vanquished Creatures
  Mara (Elf:3)
  Vashnia (Snake:4)
  Rupert (Lair:5)
  Asterion (Snake:3)
  2 deep elf blademasters (Elf:3)
  A sphinx (Snake:3)
  2 deep elf master archers (Elf:3)
  Agnes (Snake:3)
  A tengu reaver (D:14)
  6 nagarajas
  A frost giant (D:13)
  5 deep elf sorcerers (Elf:3)
  7 deep elf elementalists (Elf:3)
  Louise (Snake:3)
  An ironbound preserver (D:13)
  A stone giant (D:15)
  Nessos (D:13)
  5 deep elf demonologists
  A minotaur (Gauntlet)
  4 deep elf annihilators (Elf:3)
  A spark wasp (Snake:1)
  Snorg (Lair:5)
  4 deep elf death magi (Elf:3)
  A fire dragon (D:13)
  A fire dragon (shapeshifter) (D:13)
  The ghost of pokeman the Eclecticist, a journeyman DEHW of Vehumet (D:14)
  5 deep elf high priests (Elf:3)
  8 hydras
  A salamander tyrant (Snake:4)
  2 rakshasas (D:13)
  A ghost crab (Gauntlet)
  2 catoblepae (Lair:5)
  8 centaur warriors
  11 anacondas
  7 boulder beetles
  29 dancing weapons
  A deep troll earth mage (D:11)
  2 two-headed ogres
  11 naga warriors
  6 tengu warriors
  11 death yaks
  2 orc high priests
  An occultist (D:13)
  7 shock serpents
  11 naga sharpshooters
  A fire crab (D:10)
  A skyshark (Lair:2)
  Amaemon (D:8)
  8 deep elf knights
  A deep troll (shapeshifter) (D:14)
  7 naga ritualists
  A glowing orange brain (D:13)
  2 lindwurms (Lair:5)
  7 orc knights
  Pikel (D:4)
  An arcanist (D:12)
  9 deep elf archers
  18 deep elf zephyrmancers
  3 harpies
  26 deep elf pyromancers
  14 ugly things
  A wolf spider (shapeshifter) (D:14)
  An orc sorcerer (Orc:2)
  An oklob plant (Lair:3)
  9 salamanders
  A wolf spider (D:11)
  7 mana vipers
  6 cyclopes
  4 manticores
  Maurice (Orc:1)
  An ice statue (Gauntlet)
  11 guardian serpents
  17 elephants
  An orange demon (D:8)
  28 black mambas
  A smoke demon (Gauntlet)
  2 torpor snails
  A minotaur zombie (Gauntlet)
  A water nymph (D:13)
  20 naga magi
  3 gargoyles
  14 cane toads
  6 rime drakes
  An unseen horror (D:11)
  8 komodo dragons
  A komodo dragon (shapeshifter) (Elf:2)
  A yaktaur (D:13)
  3 tengu conjurers
  2 polar bears
  A meliai (shapeshifter) (Snake:4)
  2 hornets
  3 meliai (D:13)
  Grinder (D:6)
  6 trolls
  A queen bee (D:13)
  A wind drake (shapeshifter) (D:13)
  A glass eye (Lair:3)
  Prince Ribbit (D:5)
  7 dream sheep (Lair:5)
  11 blink frogs
  Sigmund (D:3)
  12 slime creatures
  4 air elementals
  3 shadows
  2 vampires
  5 water elementals
  6 wyverns
  45 yaks
  A wraith (D:14)
  A steam dragon (D:7)
  A basilisk (shapeshifter) (D:4)
  3 fire elementals
  9 vampire mosquitoes
  7 basilisks
  Edmund (D:6)
  3 wargs
  An acid dragon (D:9)
  30 nagas
  17 water moccasins
  3 ice beasts
  23 orc warriors
  2 sky beasts
  8 ogres
  A black bear (D:8)
  23 wolves
  17 centaurs
  2 lemures
  11 bullfrogs
  Blork the orc (D:6)
  3 earth elementals
  4 gnoll sergeants
  4 scorpions
  31 killer bees
  2 electric eels (D:11)
  3 howler monkeys
  4 crimson imps
  A gnoll bouda (D:8)
  6 hounds
  2 jellies (D:4)
  29 orc priests
  An iguana (D:6)
  15 orc wizards
  3 sleepcaps
  7 hell rats (Lair:3)
  21 gnolls
  5 adders
  A river rat (D:13)
  13 white imps
  2 ufetubi (D:5)
  6 worms
  5 dart slugs
  86 orcs
  3 ball pythons
  7 endoplasms
  2 giant cockroaches (D:2)
  6 goblins
  8 hobgoblins
  9 jackals
  3 quokkas
  5 bats
  2 frilled lizards
  5 kobolds
  6 rats
1021 creatures vanquished.

Vanquished Creatures (collateral kills)
  A deep elf death mage (Elf:3)
  A hydra (Lair:3)
  A salamander tyrant (Snake:2)
  3 dancing weapons (Elf:2)
  A shock serpent (Snake:2)
  2 orc high priests (Orc:2)
  Nergalle (D:10)
  A deep elf knight (Elf:2)
  A deep elf zephyrmancer (Elf:2)
  2 orc sorcerers
  An orc knight (Orc:2)
  3 deep elf pyromancers
  A salamander (Snake:2)
  A shining eye (shapeshifter) (D:14)
  A naga mage (Snake:4)
  2 black mambas
  A cane toad (Lair:5)
  The ghost of RandomusNamus the Shield-Bearer, a novice FoFi (D:4)
  A rime drake (Lair:1)
  6 yaks
  A vampire mosquito (D:14)
  An acid dragon (D:9)
  2 nagas (Snake:4)
  2 wargs
  An ogre (Orc:2)
  A lemure (D:4)
  2 scorpions
  A gnoll (D:8)
  A jackal (D:5)
44 creatures vanquished.

Vanquished Creatures (others)
  A deep elf high priest (Elf:3)
  Erolcha (D:13)
  3 dancing weapons
  A deep elf knight (Elf:3)
  A harpy (Lair:2)
  A deep elf zephyrmancer (Elf:3)
  2 deep elf pyromancers (Elf:1)
  An orc sorcerer (Orc:2)
  A guardian serpent (Snake:4)
  A black mamba (Snake:4)
  A tengu conjurer (D:15)
  A killer bee (D:13)
  An orc (Elf:3)
16 creatures vanquished.

Grand Total: 1081 creatures vanquished

Notes
Turn   | Place    | Note
-------+----------+-------------------------------------------
     0 | D:1      | Xavori the Djinni Chaos Knight began the quest for the Orb.
     0 | D:1      | Reached XP level 1. HP: 20/20 MP: 0/0
    88 | D:1      | XOM: divination: detect creatures
   128 | D:1      | Reached XP level 2. HP: 25/25 MP: 0/0
   422 | D:2      | XOM: silly message
   423 | D:2      | XOM: potion effect (brilliance)
   438 | D:2      | XOM: smoke on damage
   533 | D:2      | Reached XP level 3. HP: 30/30 MP: 0/0
   533 | D:2      | Learned a level 1 spell: Kiss of Death
   576 | D:2      | Reached skill level 1 in Spellcasting
   576 | D:2      | Reached skill level 1 in Conjurations
   576 | D:2      | Reached skill level 1 in Hexes
   576 | D:2      | Reached skill level 1 in Summonings
   576 | D:2      | Reached skill level 1 in Necromancy
   576 | D:2      | Reached skill level 1 in Translocations
   576 | D:2      | Reached skill level 1 in Transmutations
   576 | D:2      | Reached skill level 1 in Fire Magic
   576 | D:2      | Reached skill level 1 in Ice Magic
   576 | D:2      | Reached skill level 1 in Air Magic
   576 | D:2      | Reached skill level 1 in Earth Magic
   576 | D:2      | Reached skill level 1 in Poison Magic
   580 | D:2      | Reached XP level 4. HP: 32/35 MP: 0/0
  1169 | D:1      | XOM: silly message
  1323 | D:1      | XOM: silly message
  1482 | D:1      | XOM: silly message
  1768 | D:1      | XOM: summons 3 hostile demons
  1769 | D:1      | Noticed an ice devil
  2054 | D:2      | XOM: noise
  2057 | D:1      | XOM: torment (19/35 hp)
  2805 | D:1      | XOM: torment (19/35 hp)
  3046 | D:1      | XOM is BORED!
  3046 | D:1      | XOM: summons 3 hostile demons
  3214 | D:1      | XOM: summons 4 hostile shadow creatures
  3414 | D:1      | XOM: noise
  3943 | D:1      | XOM: give mutations
  3943 | D:1      | Gained mutation: Your muscles are strong. (Str +4, Int/Dex
                  | -1) [Xom's grace]
  3943 | D:1      | Gained mutation: You are partially covered in iridescent
                  | scales. (AC +2) [Xom's grace]
  4131 | D:1      | XOM: give mutation
  4131 | D:1      | Gained mutation: Your body sometimes deteriorates upon
                  | taking damage. [Xom's mischief]
  4615 | D:2      | XOM: give mutations
  4615 | D:2      | Gained mutation: You expend health (3 HP) to strengthen
                  | your wands. [Xom's mischief]
  4615 | D:2      | Lost mutation: Your body sometimes deteriorates upon taking
                  | damage. [Xom's mischief]
  4615 | D:2      | Lost mutation: Your muscles are strong. (Str +4, Int/Dex
                  | -1) [Xom's mischief]
  4746 | D:2      | XOM: chaos cloud
  4775 | D:2      | XOM: summons 4 hostile shadow creatures
  4777 | D:2      | XOM: noise
  4936 | D:3      | Noticed Sigmund
  4937 | D:3      | XOM: confuse monster(s)
  4945 | D:3      | Killed Sigmund
  4946 | D:3      | Reached skill level 3 in Dodging
  4946 | D:3      | Reached XP level 5. HP: 34/41 MP: 0/0
  4946 | D:3      | Learned a level 2 spell: Call Imp
  4946 | D:3      | Reached XP level 6. HP: 39/47 MP: 0/0
  5005 | D:3      | XOM: 1-stop teleportation journey
  5288 | D:3      | Found a faded altar of an unknown god.
  5288 | D:3      | Found a blossoming altar of Fedhas.
  5298 | D:3      | Found an opulent altar of Gozag.
  5300 | D:3      | Found a faded altar of an unknown god.
  5690 | D:4      | XOM: silly message
  5827 | D:4      | Found a runed translucent door.
  5828 | D:4      | Noticed RandomusNamus's ghost (novice FoFi)
  5923 | D:4      | XOM: 1-stop teleportation journey
  5967 | D:4      | an adder changed into a shapeshifter
  5967 | D:4      | Noticed a shapeshifter (shapeshifter)
  5967 | D:4      | a shapeshifter changed into a hornet
  5967 | D:4      | Noticed a hornet (shapeshifter)
  5971 | D:4      | a hornet changed into a basilisk
  5971 | D:4      | Noticed a basilisk (shapeshifter)
  5975 | D:4      | XOM: blink monster(s)
  5985 | D:4      | Killed a basilisk
  5986 | D:4      | Reached XP level 7. HP: 49/52 MP: 0/0
  5986 | D:4      | Learned a level 3 spell: Mephitic Cloud
  6094 | D:4      | XOM: confuse monster(s)
  6105 | D:4      | Reached skill level 4 in Dodging
  6145 | D:4      | XOM: confusion (+ monsters)
  6146 | D:4      | XOM: confusion (+ monsters)
  6181 | D:4      | XOM: summons 7 friendly demons
  6312 | D:4      | XOM: give mutations
  6312 | D:4      | Gained mutation: Your movements are slightly less
                  | encumbered by armour. (ER -2) [Xom's mischief]
  6312 | D:4      | Lost mutation: You expend health (3 HP) to strengthen your
                  | wands. [Xom's mischief]
  6312 | D:4      | Lost mutation: Your movements are slightly less encumbered
                  | by armour. (ER -2) [Xom's mischief]
  6312 | D:4      | Gained mutation: Armour fits poorly on your strangely
                  | shaped body. [Xom's mischief]
  6334 | D:4      | Found a shadowy altar of Dithmenos.
  6354 | D:4      | Found a glowing golden altar of the Shining One.
  6605 | D:4      | Reached XP level 8. HP: 44/58 MP: 0/0
  6731 | D:5      | Entered Level 5 of the Dungeon
  6877 | D:5      | Found a broken altar of Ashenzari.
  6904 | D:5      | XOM: summons 8 friendly demons
  6966 | D:5      | Noticed Prince Ribbit
  6966 | D:5      | XOM: 3-stop teleportation journey
  6982 | D:4      | XOM: summons friendly ufetubus
  7446 | D:5      | XOM: enchant monster (bad)
  7452 | D:5      | Killed Prince Ribbit
  7453 | D:5      | Reached skill level 5 in Fighting
  7453 | D:5      | Reached skill level 5 in Dodging
  7539 | D:5      | Found a stormy altar of Qazlal.
  7562 | D:5      | Noticed Pikel
  7567 | D:5      | XOM: summons friendly iron imp
  7584 | D:5      | XOM: silly message
  7855 | D:5      | XOM: divination: detect items
  7883 | D:3      | XOM: silly message
  8248 | D:4      | XOM: silly message
  8314 | D:4      | Killed RandomusNamus's ghost
  8315 | D:4      | Reached skill level 5 in Long Blades
  8315 | D:4      | Reached XP level 9. HP: 35/65 MP: 0/0
  8315 | D:4      | Learned a level 4 spell: Vhi's Electric Charge
  8421 | D:4      | XOM: confuse monster(s)
  8426 | D:4      | XOM: enchant monster (good)
  8432 | D:4      | XOM: silly message
  8436 | D:4      | Killed Pikel
  8437 | D:4      | Reached skill level 5 in Armour
  8524 | D:5      | XOM: cloud trail
  8574 | D:5      | Found a staircase to the Ecumenical Temple.
  8798 | D:6      | XOM: silly message
  8873 | D:6      | Noticed Edmund
  9169 | D:6      | Reached skill level 6 in Dodging
  9448 | D:6      | XOM: potion effect (brilliance)
  9450 | D:6      | XOM: potion effect (attraction)
  9673 | D:6      | XOM: silly message
  9695 | D:6      | XOM: silly message
 10035 | D:6      | Identified the +1 buckler of Yschatsojur {Dex+4}
 10230 | D:6      | Noticed Grinder
 10238 | D:6      | XOM: potion effect (brilliance)
 10249 | D:6      | Killed Grinder
 10250 | D:6      | Reached XP level 10. HP: 49/72 MP: 0/0
 10279 | D:6      | XOM: silly message
 10396 | D:6      | Noticed Blork the orc
 10404 | D:6      | Killed Blork the orc
 10459 | D:6      | Reached skill level 5 in Spellcasting
 10459 | D:6      | Reached skill level 5 in Conjurations
 10459 | D:6      | Reached skill level 5 in Hexes
 10459 | D:6      | Reached skill level 5 in Summonings
 10459 | D:6      | Reached skill level 5 in Necromancy
 10459 | D:6      | Reached skill level 5 in Translocations
 10459 | D:6      | Reached skill level 5 in Transmutations
 10459 | D:6      | Reached skill level 5 in Fire Magic
 10459 | D:6      | Reached skill level 5 in Ice Magic
 10459 | D:6      | Reached skill level 5 in Air Magic
 10459 | D:6      | Reached skill level 5 in Earth Magic
 10459 | D:6      | Reached skill level 5 in Poison Magic
 10733 | D:6      | Killed Edmund
 10846 | D:7      | XOM: enchant monster (good)
 11180 | D:7      | XOM: 7-stop teleportation journey
 11390 | D:7      | Reached skill level 7 in Dodging
 11413 | D:7      | XOM: god gift: 15 gold pieces
 11446 | D:7      | Found a sparkling altar of Nemelex Xobeh.
 11495 | D:7      | XOM: confuse monster(s)
 12105 | D:8      | XOM: enchant monster (bad)
 12154 | D:8      | XOM: 2-stop teleportation journey
 12353 | D:8      | Noticed Amaemon
 12353 | D:8      | XOM: 1-stop teleportation journey
 12354 | D:8      | Noticed an orange demon
 12359 | D:8      | XOM: cast spell 'Alistair's Intoxication'
 12361 | D:8      | Killed an orange demon
 12372 | D:8      | Killed Amaemon
 12542 | D:8      | XOM: noise
 12564 | D:8      | XOM: divination: detect items
 12682 | D:8      | Reached XP level 11. HP: 79/79 MP: 0/0
 12682 | D:8      | Learned a level 5 spell: Fireball
 12792 | D:8      | XOM: noise
 12995 | D:8      | Found a sacrificial altar of Ru.
 13160 | D:9      | XOM: divination: magic mapping
 13369 | D:8      | XOM: divination: detect items
 13420 | D:8      | XOM: silly message
 13533 | D:9      | XOM: smoke on damage
 13547 | D:9      | XOM: enchant monster (good)
 13868 | D:9      | XOM: noise
 13876 | D:9      | Reached skill level 8 in Dodging
 13957 | D:9      | Noticed an orange crystal statue
 14358 | D:10     | Entered Level 10 of the Dungeon
 14358 | D:10     | Found Vebotoix's Weapon Shop.
 14384 | D:10     | Noticed a fire crab
 14395 | D:10     | HP: 4/80 [gnoll/+0 spear[a gnoll sergeant] (6)]
 14397 | D:10     | Found Zuwoxty's Magic Scroll Boutique.
 14522 | D:9      | XOM: give mutations
 14522 | D:9      | Gained mutation: You passively dampen the noise of your
                  | surroundings. [Xom's grace]
 14522 | D:9      | Gained mutation: You are strong-willed. (Will+) [Xom's
                  | grace]
 14522 | D:9      | Gained mutation: You have hidden genetic potential. [Xom's
                  | grace]
 14522 | D:9      | Gained mutation: You have sharp fingernails. [Xom's grace]
 14638 | D:10     | Bought a scroll of blinking for 105 gold pieces
 14638 | D:10     | Bought a scroll of fear for 56 gold pieces
 14638 | D:10     | Bought a scroll of brand weapon for 133 gold pieces
 14638 | D:10     | Bought a scroll of identify for 28 gold pieces
 14639 | D:10     | Bought a scroll of identify for 28 gold pieces
 14639 | D:10     | Bought a scroll of identify for 28 gold pieces
 14641 | D:10     | Bought a scroll of identify for 28 gold pieces
 14695 | D:10     | Killed a fire crab
 14838 | D:10     | Found Ycoh's Distillery.
 14838 | D:10     | Noticed Nergalle
 14844 | D:10     | Found a runed translucent door.
 14845 | D:10     | Found Dulueff's Weapon Emporium.
 14854 | D:10     | Killed Nergalle
 14867 | D:10     | Bought a potion of curing for 48 gold pieces
 14867 | D:10     | Bought a potion of might for 64 gold pieces
 14867 | D:10     | Bought a potion of might for 64 gold pieces
 15094 | D:10     | XOM: divination: magic mapping
 15132 | D:10     | XOM: god gift: pair of boots {god gift}
 15202 | D:10     | Found a staircase to the Lair.
 15218 | D:10     | XOM: cleaving
 15305 | D:10     | XOM: silly message
 15428 | D:10     | Noticed a two-headed ogre
 15439 | D:10     | Killed a two-headed ogre
 15489 | D:10     | XOM: summons 4 hostile shadow creatures
 15490 | D:10     | Noticed a cyclops
 15490 | D:10     | Noticed a two-headed ogre
 15662 | D:9      | XOM: give mutations
 15662 | D:9      | Gained mutation: You are highly strong-willed. (Will++)
                  | [Xom's mischief]
 15662 | D:9      | Lost mutation: You have hidden genetic potential. [Xom's
                  | mischief]
 15662 | D:9      | Gained mutation: You have hidden genetic potential. [Xom's
                  | mischief]
 15684 | D:10     | Found Heesm's Magic Scroll Boutique.
 15693 | D:10     | Bought a scroll of teleportation for 42 gold pieces
 15885 | D:10     | XOM: enchant monster (bad)
 16039 | D:10     | XOM: give mutations
 16039 | D:10     | Lost mutation: You have sharp fingernails. [Xom's mischief]
 16039 | D:10     | Lost mutation: You are highly strong-willed. (Will++)
                  | [Xom's mischief]
 16039 | D:10     | Gained mutation: You are weak. (Str -2) [Xom's mischief]
 16088 | D:10     | Noticed bakla's ghost (journeyman TrSh)
 16130 | D:11     | Identified the of Duhuebu
 16130 | D:11     | XOM: noise
 16158 | Lair:1   | Entered Level 1 of the Lair of Beasts
 16595 | Lair:1   | Reached XP level 12. HP: 85/88 MP: 0/0
 16632 | Lair:1   | XOM: destruction
 17081 | Lair:1   | XOM: give mutations
 17081 | Lair:1   | Gained mutation: You passively map a small area around you.
                  | [Xom's mischief]
 17081 | Lair:1   | Gained mutation: Your spells are a little harder to cast,
                  | but a little more powerful. [Xom's mischief]
 17169 | Lair:1   | XOM: enchant monster (bad)
 17173 | Lair:1   | XOM: snakes to sticks
 17178 | Lair:1   | Reached skill level 9 in Dodging
 17411 | Lair:1   | Noticed a death yak
 17411 | Lair:1   | XOM: cleaving
 17412 | Lair:1   | Noticed a death yak
 17413 | Lair:1   | XOM: noise
 17441 | Lair:1   | XOM: god gift: silvery potion {god gift}
 17533 | Lair:1   | XOM: god gift: robe {god gift}
 17731 | Lair:1   | XOM: silly message
 17750 | Lair:1   | XOM: summons friendly crimson imp
 17751 | Lair:1   | XOM: divination: detect creatures
 17759 | Lair:1   | Killed a death yak
 17762 | Lair:1   | Killed a death yak
 17899 | Lair:1   | XOM: polymorph crimson imp -> white imp
 17959 | Lair:1   | XOM: summons 1 hostile shadow creature
 18021 | Lair:1   | XOM: god gift: morningstar {god gift}
 18257 | Lair:2   | XOM: enchant monster (good)
 18264 | Lair:2   | XOM: confusion (+ monsters)
 18271 | Lair:2   | XOM: silly message
 18273 | Lair:2   | XOM: confuse monster(s)
 18685 | Lair:2   | XOM: divination: magic mapping
 18935 | Lair:1   | XOM: divination: magic mapping
 19046 | Lair:2   | Noticed a skyshark
 19082 | Lair:2   | Killed a skyshark
 19090 | Lair:2   | Gained mutation: You are agile. (Dex +4, Str/Int -1)
                  | [hidden potential]
 19132 | Lair:2   | XOM: cast spell 'Dispersal'
 19145 | Lair:2   | XOM: enchant monster (bad)
 19159 | Lair:2   | Noticed a boulder beetle
 19160 | Lair:2   | XOM: confuse monster(s)
 19163 | Lair:2   | XOM: confuse monster(s)
 19185 | Lair:2   | XOM: enchant monster (bad)
 19186 | Lair:2   | XOM: enchant monster (good)
 19280 | Lair:1   | XOM: summons 2 hostile demons
 19298 | Lair:2   | Killed a boulder beetle
 19378 | Lair:2   | Noticed a six-headed hydra
 19538 | Lair:2   | XOM: 1-stop teleportation journey
 19676 | Lair:2   | XOM: confusion (+ monsters)
 19698 | Lair:2   | Reached XP level 13. HP: 90/94 MP: 0/0
 19698 | Lair:2   | Learned a level 5 spell: Irradiate
 19739 | Lair:2   | Found a staircase to the Shoals.
 19745 | Lair:2   | XOM: divination: detect creatures
 19751 | Lair:2   | Reached skill level 10 in Dodging
 19753 | Lair:2   | XOM: enchant monster (good)
 20092 | Lair:2   | XOM: divination: detect items
 20107 | Lair:2   | XOM: fog
 20118 | Lair:2   | XOM: fog
 20161 | Lair:2   | XOM: noise
 20311 | Lair:1   | XOM: torment (45/94 hp)
 20445 | Lair:1   | XOM: summons 2 hostile shadow creatures
 20466 | Gauntlet | Identified the of Weed
 20467 | Lair:3   | XOM: swap monsters
 20474 | Lair:3   | XOM: scenery: create altars
 20477 | Lair:3   | XOM: repel stairs
 20481 | Lair:3   | XOM: enchant monster (bad)
 20520 | Lair:3   | Found a gate leading to a gauntlet.
 20537 | Gauntlet | Entered a Gauntlet
 20537 | Gauntlet | Found a transporter.
 20750 | Gauntlet | Found a transporter.
 20765 | Gauntlet | Found a transporter.
 20770 | Gauntlet | Found a transporter.
 20779 | Gauntlet | Noticed a ghost crab
 20785 | Gauntlet | Found a transporter.
 20804 | Gauntlet | Found a transporter.
 20816 | Gauntlet | Found a transporter.
 20828 | Gauntlet | Found a transporter.
 20829 | Gauntlet | Noticed a five-headed hydra
 20840 | Gauntlet | Found a transporter.
 20852 | Gauntlet | Found a transporter.
 20869 | Gauntlet | Found a transporter.
 20869 | Gauntlet | Found a transporter.
 20889 | Gauntlet | Found a transporter.
 20911 | Gauntlet | Found a transporter.
 20922 | Gauntlet | XOM: summons 7 hostile demons
 20991 | Gauntlet | Found a transporter.
 21068 | Gauntlet | Found a transporter.
 21094 | Gauntlet | Found a transporter.
 21096 | Gauntlet | Found a transporter.
 21138 | Gauntlet | XOM: noise
 21293 | Gauntlet | XOM: divination: detect creatures
 21379 | Gauntlet | XOM: potion effect (invisibility)
 21394 | Gauntlet | Identified the ring "Aqaos" {rN+ Int+2 Dex+6}
 21423 | Gauntlet | XOM: noise
 21447 | Gauntlet | Identified the ring of Generosity {rElec Dex+6}
 21460 | Gauntlet | Gained mutation: Your flesh is almost immune to the effects
                  | of heat. (rF+++) [hidden potential]
 21460 | Gauntlet | Lost mutation: You have hidden genetic potential. [hidden
                  | potential expressed]
 21489 | Gauntlet | Killed a ghost crab
 21670 | Gauntlet | Identified the +1 pair of gloves of Oblivion {rF+ rN++
                  | Regen+}
 21699 | Gauntlet | Noticed a minotaur
 21699 | Gauntlet | XOM: divination: detect creatures
 21711 | Gauntlet | Identified the staff of Amorality {*Corrode rElec Will+
                  | Conj}
 21716 | Gauntlet | Killed a minotaur
 21717 | Gauntlet | Reached skill level 10 in Fighting
 22016 | Lair:3   | Noticed an eight-headed hydra
 22016 | Lair:3   | XOM: divination: detect items
 22246 | Lair:3   | Found a staircase to the Snake Pit.
 22402 | Lair:3   | XOM: divination: detect creatures
 22423 | Lair:3   | XOM: smoke on damage
 22638 | Lair:3   | XOM: summons friendly shadow imp
 22640 | Lair:3   | XOM: cast spell 'Leda's Liquefaction'
 22660 | Lair:4   | Noticed Rupert
 22874 | Lair:4   | Noticed a four-headed hydra
 22878 | Lair:4   | XOM: potion effect (attraction)
 22895 | Lair:4   | XOM: fog
 22897 | Lair:4   | XOM: blink monster(s)
 22902 | Lair:3   | XOM: fog
 22909 | Lair:3   | XOM: summons 7 friendly demons
 22916 | Lair:3   | Killed a six-headed hydra
 22917 | Lair:3   | Reached skill level 11 in Dodging
 23026 | Lair:4   | XOM: 4-stop teleportation journey
 23070 | Lair:4   | XOM: polymorph blink frog -> ice beast
 23081 | Lair:4   | Reached skill level 10 in Armour
 23117 | Lair:4   | Reached XP level 14. HP: 103/103 MP: 0/0
 23119 | Lair:4   | XOM: god gift: 6 stones
 23543 | Lair:4   | XOM: summons friendly quasit
 23547 | Lair:4   | XOM: confuse monster(s)
 23572 | Lair:4   | XOM: enchant monster (good)
 23587 | Lair:4   | XOM: give mutations
 23587 | Lair:4   | Gained mutation: You are mostly covered in iridescent
                  | scales. (AC +4) [Xom's mischief]
 23587 | Lair:4   | Lost mutation: You are weak. (Str -2) [Xom's mischief]
 23587 | Lair:4   | Lost mutation: You passively dampen the noise of your
                  | surroundings. [Xom's mischief]
 23587 | Lair:4   | Lost mutation: You are agile. (Dex +4, Str/Int -1) [Xom's
                  | mischief]
 23671 | Lair:4   | XOM: give mutations
 23671 | Lair:4   | Gained mutation: You are completely covered in iridescent
                  | scales. (AC +6) [Xom's grace]
 23671 | Lair:4   | Gained mutation: You are resistant to electric shocks.
                  | (rElec) [Xom's grace]
 23671 | Lair:4   | Gained mutation: You are highly strong-willed. (Will++)
                  | [Xom's grace]
 23829 | Lair:5   | Entered Level 5 of the Lair of Beasts
 23851 | Lair:5   | Found a runed translucent door.
 23852 | Lair:5   | Noticed Runia's ghost (journeyman GnRe)
 23867 | Lair:5   | XOM: enchant monster (bad)
 23868 | Lair:5   | XOM: cast spell 'Chain of Chaos'
 23877 | Lair:5   | XOM: polymorph boulder beetle -> boulder beetle
 23989 | Lair:5   | XOM: cloud trail
 24024 | Lair:5   | Reached skill level 10 in Long Blades
 24039 | Lair:5   | XOM: enchant monster (good)
 24045 | Lair:5   | XOM: fake destruction
 24063 | Lair:5   | XOM: polymorph blink frog -> basilisk
 24077 | Lair:5   | XOM: destruction
 24190 | Lair:5   | XOM: swap monsters
 24213 | Lair:5   | XOM: potion effect (curing)
 24219 | Lair:5   | XOM: potion effect (brilliance)
 24227 | Lair:5   | Killed Rupert
 24262 | Lair:5   | Reached skill level 1 in Evocations
 24308 | Lair:5   | Found a viscous altar of Jiyva.
 24309 | Lair:5   | Found a staircase to the Slime Pits.
 24386 | Lair:5   | Noticed Snorg
 24397 | Lair:5   | XOM: confusion (+ monsters)
 24398 | Lair:5   | XOM: summons 4 friendly demons
 24407 | Lair:5   | Killed Snorg
 24413 | Lair:5   | XOM: potion effect (heal wounds)
 24415 | Lair:5   | XOM: summons friendly iron imp
 24571 | Lair:5   | XOM: enchant monster (good)
 24578 | Lair:5   | XOM: polymorph cerulean imp -> iron imp
 24611 | Lair:5   | XOM: cast spell 'Call Canine Familiar'
 24653 | Lair:5   | Reached skill level 12 in Dodging
 24723 | Lair:5   | XOM: smoke on damage
 24731 | Lair:5   | XOM: swap monsters
 24739 | Lair:5   | Reached skill level 10 in Spellcasting
 24739 | Lair:5   | Reached skill level 10 in Conjurations
 24739 | Lair:5   | Reached skill level 10 in Hexes
 24739 | Lair:5   | Reached skill level 10 in Summonings
 24739 | Lair:5   | Reached skill level 10 in Necromancy
 24739 | Lair:5   | Reached skill level 10 in Translocations
 24739 | Lair:5   | Reached skill level 10 in Transmutations
 24739 | Lair:5   | Reached skill level 10 in Fire Magic
 24739 | Lair:5   | Reached skill level 10 in Ice Magic
 24739 | Lair:5   | Reached skill level 10 in Air Magic
 24739 | Lair:5   | Reached skill level 10 in Earth Magic
 24739 | Lair:5   | Reached skill level 10 in Poison Magic
 24920 | Lair:5   | Reached XP level 15. HP: 110/111 MP: 0/0
 24920 | Lair:5   | Learned a level 6 spell: Dispersal
 24971 | Lair:5   | XOM: fake destruction
 24981 | Lair:5   | XOM: summons friendly quasit
 24986 | Lair:5   | XOM: enchant monster (good)
 25003 | Lair:5   | XOM: confusion (+ monsters)
 25120 | Lair:5   | XOM: summons 2 friendly demons
 25135 | Lair:5   | XOM: blink monster(s)
 25143 | Lair:5   | XOM: enchant monster (good)
 25748 | D:11     | Found a staircase to the Orcish Mines.
 25882 | D:11     | XOM: blink monster(s)
 25912 | D:11     | XOM: enchant monster (bad)
 25941 | D:11     | XOM: fog
 26333 | D:11     | Identified the +7 quarterstaff of the Demagogue {heavy, rF+
                  | rC+ Str-4 Int+5}
 26406 | Orc:1    | Entered Level 1 of the Orcish Mines
 26406 | Orc:1    | Noticed Maurice
 26409 | Orc:1    | Killed Maurice
 26412 | Orc:1    | XOM: chaos upgrade
 26435 | Orc:1    | XOM: smoke on damage
 26630 | D:11     | XOM: give mutations
 26630 | D:11     | Gained mutation: You have a pair of small horns on your
                  | head. [Xom's grace]
 26630 | D:11     | Gained mutation: You are extremely strong-willed. (Will+++)
                  | [Xom's grace]
 26849 | IceCv    | Identified the "Jeenups"
 26849 | IceCv    | Identified the "Yrausch"
 26849 | Orc:2    | Entered Level 2 of the Orcish Mines
 26984 | Orc:2    | Found Tesa's Tempting Trifles.
 27078 | Orc:2    | XOM: divination: detect items
 27145 | Orc:2    | XOM: give mutations
 27145 | Orc:2    | Gained mutation: You have a pair of horns on your head.
                  | [Xom's grace]
 27145 | Orc:2    | Gained mutation: You are somewhat resistant to further
                  | mutation. [Xom's grace]
 27145 | Orc:2    | Gained mutation: You expend health (3 HP) to strengthen
                  | your wands. [Xom's grace]
 27244 | Orc:2    | XOM: confuse monster(s)
 27255 | Orc:2    | Reached skill level 1 in Shapeshifting
 27298 | Orc:2    | Found a staircase to the Elven Halls.
 27309 | Orc:2    | XOM: cast spell 'Dispersal'
 27388 | Orc:2    | Found a frozen archway.
 27399 | Orc:2    | Found Ostetteu's Book Shoppe.
 27399 | Orc:2    | Found Oradusew's Antique Weapon Shop.
 27399 | Orc:2    | Found Mihumozurgh's Weapon Shoppe.
 27399 | Orc:2    | Found Yggok's Antique Weapon Shop.
 27399 | Orc:2    | XOM: 4-stop teleportation journey
 27466 | Orc:2    | XOM: potion effect (haste)
 28004 | Orc:2    | XOM: summons 8 hostile demons
 28082 | D:11     | XOM: summons 1 hostile shadow creature
 28123 | D:12     | XOM: smoke on damage
 28168 | D:12     | XOM: confusion
 28170 | D:12     | XOM: noise
 28275 | D:12     | XOM: silly message
 28294 | D:12     | XOM: god gift: 42 gold pieces
 28395 | D:12     | Reached XP level 16. HP: 115/118 MP: 0/0
 28862 | D:13     | XOM: confuse monster(s)
 28874 | D:13     | XOM: summons friendly shadow imp
 28959 | D:12     | XOM: divination: detect creatures
 29055 | Orc:2    | Bought a scroll of teleportation for 36 gold pieces
 29249 | Lair:3   | XOM: polymorph oklob plant -> shambling mangrove
 29256 | Lair:3   | XOM: summons friendly iron imp
 29261 | Lair:3   | XOM: fog
 29469 | D:13     | Identified a scroll of acquirement
 29469 | D:13     | Acquired 421 gold pieces
 29509 | D:13     | XOM: summons friendly crimson imp
 29532 | D:13     | Reached skill level 13 in Dodging
 29600 | D:13     | Noticed Nessos
 29607 | D:13     | Killed Nessos
 29624 | D:13     | Found a bloodstained altar of Trog.
 29628 | D:13     | XOM: scenery: 1 doors close
 29741 | D:13     | Noticed Erolcha
 29754 | D:13     | Found a gate to the Vaults.
 29755 | D:13     | Killed Erolcha
 29797 | D:13     | XOM: enchant monster (good)
 29836 | D:13     | XOM: divination: detect creatures
 29838 | D:13     | Noticed a frost giant
 29842 | D:13     | XOM: polymorph centaur warrior -> water nymph
 29859 | D:13     | XOM: polymorph orc wizard -> river rat
 29862 | D:13     | Killed a frost giant
 29905 | D:13     | XOM: cleaving
 30126 | D:13     | XOM: scenery: create altars
 30311 | D:13     | XOM: polymorph seven-headed hydra -> fire dragon
 30344 | D:13     | XOM: god gift: robe {god gift}
 30390 | D:13     | XOM: smoke on damage
 30390 | D:13     | XOM: torment (79/120 hp)
 30505 | D:14     | XOM: divination: detect creatures
 30661 | D:14     | XOM: confuse monster(s)
 30671 | D:14     | XOM: summons 2 friendly demons
 30732 | D:14     | XOM: scenery: summon butterflies
 30751 | D:14     | Identified the +8 trident of Slime {heavy, rPois rF+}
 30803 | D:14     | Found a runed translucent gate.
 30803 | D:14     | Found a runed translucent gate.
 30803 | D:14     | Found a runed translucent gate.
 31005 | D:14     | XOM: give mutation
 31005 | D:14     | Lost mutation: Your spells are a little harder to cast, but
                  | a little more powerful. [Xom's mischief]
 31089 | D:14     | Found an opulent altar of Gozag.
 31092 | D:14     | Noticed pokeman's ghost (journeyman DEHW)
 31153 | D:14     | You are sucked into a shaft and drop 1 floor!
 31153 | D:15     | Entered Level 15 of the Dungeon
 31558 | D:14     | Noticed a tengu reaver
 31559 | D:14     | Found Dayts's Assorted Antiques.
 31587 | D:14     | XOM: scenery: summon butterflies
 31592 | D:14     | Killed a tengu reaver
 31593 | D:14     | Reached skill level 5 in Shapeshifting
 31595 | D:14     | Killed pokeman's ghost
 31658 | D:14     | Bought a scroll of revelation for 217 gold pieces
 31658 | D:14     | Bought a potion of mutation for 232 gold pieces
 31658 | D:14     | Bought a scroll of revelation for 217 gold pieces
 31862 | D:15     | Reached XP level 17. HP: 79/125 MP: 0/0
 31862 | D:15     | Learned a level 6 spell: Simulacrum
 32026 | D:15     | XOM: divination: detect creatures
 32030 | D:15     | XOM: summons 2 friendly demons
 32330 | D:15     | XOM: 7-stop teleportation journey
 32368 | D:15     | Found a staircase to the Depths.
 32563 | D:15     | XOM: give mutations
 32563 | D:15     | Gained mutation: You possess an exceptional clarity of
                  | mind. [Xom's grace]
 33204 | Snake:1  | Entered Level 1 of the Snake Pit
 33221 | Snake:1  | XOM: swap monsters
 33356 | Snake:1  | XOM: polymorph naga warrior -> spark wasp
 33357 | Snake:1  | XOM: swap monsters
 33365 | Snake:1  | XOM: summons 5 hostile demons
 33482 | Snake:1  | XOM: snakes to sticks
 33611 | Snake:1  | XOM: noise
 33699 | Snake:1  | XOM: 1-stop teleportation journey
 33849 | Snake:2  | XOM: give mutations
 33849 | Snake:2  | Lost mutation: You possess an exceptional clarity of mind.
                  | [Xom's mischief]
 33849 | Snake:2  | Gained mutation: You are partially covered in large bone
                  | plates. (SH +4) [Xom's mischief]
 33851 | Snake:2  | XOM: noise
 33878 | Snake:2  | XOM: give mutations
 33878 | Snake:2  | Lost mutation: You are partially covered in large bone
                  | plates. (SH +4) [Xom's mischief]
 33878 | Snake:2  | Lost mutation: Armour fits poorly on your strangely shaped
                  | body. [Xom's mischief]
 33878 | Snake:2  | Lost mutation: You are extremely strong-willed. (Will+++)
                  | [Xom's mischief]
 33878 | Snake:2  | Lost mutation: You are resistant to electric shocks.
                  | (rElec) [Xom's mischief]
 33879 | Snake:2  | XOM: confusion
 33880 | Snake:2  | XOM: torment (83/125 hp)
 33939 | Snake:2  | XOM: cast spell 'Metabolic Englaciation'
 34128 | Snake:2  | XOM: blink monster(s)
 34309 | Snake:2  | XOM: divination: detect creatures
 34334 | Snake:2  | XOM: divination: detect items
 34343 | Snake:2  | Upgraded the game from 0.31-a0-968-g24f9ace8b5 to
                  | 0.31-a0-971-g75a2e9a4b4
 34549 | Snake:2  | XOM: confusion (+ monsters)
 34553 | Snake:2  | XOM: summons 2 friendly demons
 34640 | Snake:2  | Reached skill level 14 in Dodging
 34756 | Snake:3  | XOM: potion effect (curing)
 34768 | Snake:3  | XOM: snakes to sticks
 34782 | Snake:3  | XOM: give mutations
 34782 | Snake:3  | Lost mutation: Your flesh is almost immune to the effects
                  | of heat. (rF+++) [Xom's mischief]
 34782 | Snake:3  | Lost mutation: You passively map a small area around you.
                  | [Xom's mischief]
 34954 | Snake:3  | Noticed Asterion
 34964 | Snake:3  | Killed Asterion
 34973 | Snake:3  | Noticed Louise
 34977 | Snake:3  | XOM: potion effect (might)
 34992 | Snake:3  | Reached XP level 18. HP: 127/132 MP: 0/0
 34995 | Snake:3  | XOM: silly message
 35001 | Snake:3  | Killed Louise
 35004 | Snake:3  | a nagaraja changed into a sphinx
 35004 | Snake:3  | Noticed a sphinx
 35004 | Snake:3  | XOM: polymorph nagaraja -> sphinx
 35015 | Snake:3  | XOM: enchant monster (good)
 35016 | Snake:3  | XOM: swap monsters
 35095 | Snake:3  | Killed a sphinx
 35314 | Snake:3  | XOM: snakes to sticks
 35545 | Snake:3  | Noticed Agnes
 35554 | Snake:3  | Killed Agnes
 35558 | Snake:3  | XOM: summons 1 hostile demon
 36199 | Snake:4  | Entered Level 4 of the Snake Pit
 36278 | Snake:4  | XOM: smoke on damage
 36513 | Snake:4  | XOM: noise
 36525 | Snake:4  | XOM: stat loss: -1 Dex (34/35)
 36545 | Snake:3  | XOM: give mutations
 36545 | Snake:3  | Lost mutation: You have a pair of horns on your head.
                  | [Xom's mischief]
 36545 | Snake:3  | Gained mutation: You occasionally shout uncontrollably at
                  | your foes. [Xom's mischief]
 36566 | Snake:4  | XOM: scenery: create altars
 36758 | Snake:4  | XOM: enchant monster (good)
 36788 | Snake:4  | XOM: divination: detect items
 36874 | Snake:4  | Found Qewuyf's Assorted Antiques.
 36877 | Snake:4  | Found Jyfatama's Weapon Shop.
 36877 | Snake:4  | Found Atzirgh's Distillery.
 36884 | Snake:4  | Bought a jewelled falchion for 264 gold pieces
 36884 | Snake:4  | Identified the +6 falchion "Embalmer" {heavy, Str+2 Stlth+}
                  | (You bought it in a shop on level 4 of the Snake Pit)
 36885 | Snake:4  | Found Ahavemit's Armour Shop.
 36904 | Snake:4  | Bought a potion of haste for 130 gold pieces
 36904 | Snake:4  | Bought a potion of might for 52 gold pieces
 36941 | Snake:4  | Noticed Vashnia
 36941 | Snake:4  | XOM: 2-stop teleportation journey
 36949 | Snake:4  | XOM: noise
 37055 | Snake:4  | XOM: smoke on damage
 37064 | Snake:4  | XOM: scenery: create altars
 37225 | Snake:4  | XOM: polymorph nagaraja -> shapeshifter
 37554 | Snake:4  | XOM: summons 3 friendly demons
 37559 | Snake:4  | XOM: enchant monster (good)
 37639 | Snake:4  | XOM: give mutations
 37639 | Snake:4  | Lost mutation: You are somewhat resistant to further
                  | mutation. [Xom's mischief]
 37639 | Snake:4  | Gained mutation: Your spells are a little easier to cast,
                  | but a little less powerful. [Xom's mischief]
 37639 | Snake:4  | Lost mutation: You have a pair of small horns on your head.
                  | [Xom's mischief]
 37645 | Snake:4  | XOM: noise
 37647 | Snake:4  | XOM: swap monsters
 37676 | Snake:4  | XOM: cast spell 'Leda's Liquefaction'
 37684 | Snake:4  | XOM: potion effect (curing)
 37754 | Snake:4  | Killed Vashnia
 37867 | Snake:4  | Got a serpentine rune of Zot
 38214 | Orc:2    | XOM: give mutations
 38214 | Orc:2    | Gained mutation: You are resistant to electric shocks.
                  | (rElec) [Xom's mischief]
 38214 | Orc:2    | Lost mutation: Your spells are a little easier to cast, but
                  | a little less powerful. [Xom's mischief]
 38214 | Orc:2    | Gained mutation: You are agile. (Dex +4, Str/Int -1) [Xom's
                  | mischief]
 38214 | Orc:2    | Gained mutation: You frequently scream uncontrollably at
                  | your foes. [Xom's mischief]
 38218 | Vaults:5 | Identified the "Kusat"
 38218 | Vaults:5 | Identified the of Liavvudd
 38218 | Vaults:5 | Identified the of Foatuthi
 38218 | Elf:1    | Entered Level 1 of the Elven Halls
 38221 | Elf:1    | XOM: swap monsters
 38236 | Elf:1    | XOM: summons 3 hostile shadow creatures
 38239 | Elf:1    | Reached XP level 19. HP: 139/139 MP: 0/0
 38239 | Elf:1    | Learned a level 7 spell: Ozocubu's Refrigeration
 38307 | Elf:1    | XOM: god gift: 18 gold pieces
 38542 | Elf:1    | XOM: confusion (+ monsters)
 38565 | Elf:1    | XOM: cast spell 'Call Canine Familiar'
 38616 | Elf:1    | Found Qieb's Antique Armour Shoppe.
 38617 | Elf:1    | XOM: enchant monster (good)
 38627 | Elf:1    | Noticed a Hell Sentinel
 38631 | Elf:1    | XOM: butterfly on damage
 38655 | Elf:1    | XOM: smoke on damage
 38657 | Elf:1    | XOM: enchant monster (bad)
 38863 | Elf:1    | Noticed a Tzitzimitl
 38873 | Elf:1    | XOM: silly message
 38885 | Elf:1    | Noticed a Brimstone Fiend
 38886 | Elf:1    | Noticed a Hell Sentinel
 39170 | Elf:1    | XOM: god gift: twisted bronze amulet {god gift}
 39565 | Elf:2    | XOM: scenery: 2 doors open
 39633 | Elf:2    | Found Taacan's Jewellery Boutique.
 39726 | Elf:2    | XOM: divination: detect creatures
 39758 | Elf:2    | Found a runed translucent gate.
 39759 | Elf:2    | Found a runed translucent gate.
 39760 | Elf:2    | XOM: noise
 39761 | Elf:2    | Found a runed translucent gate.
 39836 | Elf:2    | XOM: 1-stop teleportation journey
 39838 | Elf:2    | XOM: scenery: summon butterflies
 39839 | Elf:2    | XOM: potion effect (brilliance)
 39840 | Elf:2    | XOM: cast spell 'Summon Dragon'
 39843 | Elf:2    | XOM: summons 2 hostile shadow creatures
 39852 | Elf:2    | XOM: summons 3 friendly demons
 39864 | Elf:2    | XOM: stat loss: -1 Dex (38/39)
 39918 | Elf:2    | Reached skill level 15 in Dodging
 40102 | Elf:2    | XOM: polymorph something unseen -> glowing shapeshifter
 40104 | Elf:2    | XOM: chaos upgrade
 40120 | Elf:2    | XOM: 4-stop teleportation journey
 40165 | Elf:2    | XOM: summons 10 hostile demons
 40373 | Elf:2    | Paralysed by an air elemental for 1 turns
 40676 | Elf:3    | Identified the "Funwuxar"
 40676 | Elf:3    | Entered Level 3 of the Elven Halls
 40721 | Elf:3    | XOM: fog
 40844 | Elf:3    | Paralysed by an air elemental for 1 turns
 40848 | Elf:3    | XOM: confuse monster(s)
 40866 | Elf:3    | XOM: noise
 40914 | Elf:2    | XOM: summons 3 hostile shadow creatures
 40998 | Elf:3    | XOM: scenery: create altars
 41097 | Elf:3    | XOM: summons 6 friendly demons
 41169 | Elf:3    | Identified the +5 dire flail "Afo Essig" {antimagic, Fly
                  | rF- rN+}
 41170 | Elf:3    | Noticed Mara
 41180 | Elf:3    | Noticed Xavori's illusion
 41180 | Elf:3    | Noticed an Ice Fiend
 41189 | Elf:3    | XOM: divination: detect creatures
 41219 | Elf:3    | Reached XP level 20. HP: 75/147 MP: 0/0
 41383 | Elf:3    | XOM: noise
 41408 | Elf:3    | XOM: confusion (+ monsters)
 41418 | Elf:3    | XOM: summons 5 friendly demons
 41422 | Elf:3    | XOM: cast spell 'Summon Dragon'
 41423 | Elf:3    | Noticed Xavori's illusion
 41423 | Elf:3    | Killed Mara
 41461 | Elf:3    | Reached skill level 10 in Shapeshifting
 41469 | Elf:3    | Gained mutation: You occasionally lose the ability to drink
                  | potions when taking damage. [a neqoxec]
 41470 | Elf:3    | XOM: scenery: create altars
 41472 | Elf:3    | XOM: enchant monster (good)
 41502 | Elf:3    | XOM: scenery: create altars
 41503 | Elf:3    | XOM: confuse monster(s)
 41506 | Elf:3    | XOM: divine lightning
 41544 | Elf:3    | Paralysed by an air elemental for 1 turns
 41549 | Elf:3    | Paralysed by an air elemental for 1 turns
 41553 | Elf:3    | XOM: chaos upgrade
 41553 | Elf:3    | Paralysed by an air elemental for 1 turns
 41561 | Elf:3    | Paralysed by an air elemental for 1 turns
 41650 | Elf:3    | Identified the +8 halberd "Pynef" {holy, Dex+2}
 41650 | Elf:3    | Identified the ring "Masit" {rCorr Str+6}
 41665 | Elf:3    | Identified the orb "Zoto" {*Rage, rPois Int+2 Dex+2 Slay+2}
 41665 | Elf:3    | XOM: 5-stop teleportation journey
 41731 | Elf:3    | XOM: polymorph deep elf archer -> elephant
 41742 | Elf:3    | XOM: noise
 41768 | Elf:3    | XOM: enchant monster (good)
 41780 | Elf:3    | Paralysed by an air elemental for 1 turns
 41785 | Elf:3    | Paralysed by an air elemental for 1 turns
 41801 | Elf:3    | Identified the +0 morningstar of Laceration {flame, rPois
                  | Int-2 Dex+3}
 41820 | Elf:3    | XOM: summons 3 friendly demons
 41856 | Elf:3    | XOM: confuse monster(s)
 41870 | Elf:3    | XOM: divination: magic mapping
 41878 | Elf:3    | XOM: butterfly on damage
 41884 | Elf:3    | XOM: scenery: 1 doors close
 41919 | Elf:3    | XOM: god gift: book of Frost
 42111 | Elf:3    | XOM: potion effect (invisibility)
 42215 | Elf:3    | XOM: divination: detect creatures
 42219 | Elf:3    | XOM: divination: magic mapping
 42231 | Elf:3    | XOM: confusion
 42240 | Elf:3    | XOM: silly message
 42241 | Elf:3    | HP: 7/148 [deep elf blademaster/+0 short sword (3)]
 42241 | Elf:3    | Mangled by a deep elf blademaster

Illustrated notes

Levels and vault maps discovered:
D:1:      giann_wishing_wells, layout_basic
D:2:      layout_basic, dreamdust_princess_bridge, minmay_diced_spiral
D:3:      layout_rooms, chequers_temple_overflow_minitemple, chequers_garden,
          minmay_misc_feat_columns, grunt_ministairs_11, uniq_sigmund
D:4:      layout_loops_cross, mainiacjoe_overflow_catwalk_spiral,
          gammafunk_ghost_grave
D:5:      layout_rooms, ashenzari_altar_1, mainiacjoe_overflow_brackets,
          minmay_temple_entry_arrows, uniq_prince_ribbit1, uniq_pikel
D:6:      layout_basic, serial_curves, eino_curves_03, eino_curves_01,
          nrook_loot_triangle, dk_vineyard_2, kennysheep_generic_room_4,
          uniq_grinder, uniq_blork_the_orc, uniq_edmund
D:7:      layout_loops_ring, nemelex_dance_club_becter
D:8:      layout_loops_ring, nicolae_ru_the_path_less_chosen, uniq_amaemon
D:9:      layout_long_grid, minmay_statue_bubble
D:10:     layout_irregular_city, minmay_lair_entry_lava,
          ebering_ghost_reflecting_pool, serial_rivers,
          chequers_serial_rivers_large_b, chequers_serial_rivers_micro_c,
          chequers_serial_rivers_small_3, chequers_serial_rivers_room_a,
          chequers_serial_rivers_room_b, chequers_serial_rivers_micro_e,
          serial_shops, nicolae_shop_stone, shop, shop,
          nicolae_shop_bloodbath_and_beyond, nicolae_shop_tiny_real_fake_doors,
          uniq_nergalle
D:11:     minmay_shrinking_squares, layout_long_grid, erik_orc_2,
          lightli_orcish_oven
D:12:     layout_gridville, st_stairs_3, lightli_wizard_tower
D:13:     regret_index_wax_grids, layout_rooms, hellmonk_vaults_order_and_chaos,
          serial_corexii_hall, corexii_hall_statues_l, corexii_hall_statues_l,
          david_defended_altar_orc, uniq_nessos, uniq_erolcha
D:14:     layout_stronghold, serial_rivers, chequers_serial_rivers_micro_d,
          chequers_serial_rivers_small_a, chequers_serial_rivers_small_b,
          chequers_serial_rivers_small_b, chequers_serial_rivers_micro_c,
          chequers_serial_rivers_large_a, infiniplex_staircase_zigzag_4,
          ebering_ghost_gozag
D:15:     grunt_enter_depths_snipers, layout_basic, nrook_pool_corridor
Lair:1:   layout_cave_pods, grunt_forest_large_clearings, grunt_megastairs_5
Lair:2:   beast_lair_carwin_large_4, layout_regular_city,
          nicolae_shoals_entry_roost
Lair:3:   layout_misc_corridors, alex1729_snake_entry_snake,
          gauntlet_entry_generic, disabler_island, grunt_megastairs_2
Lair:4:   layout_layer_cave, infiniplex_staircase_pool_2, uniq_rupert
Lair:5:   hangedman_lair_in_review, layout_concentric_octagons, slime_entry_1,
          ebering_ghost_inner_flame, uniq_snorg
Snake:1:  layout_onion
Snake:2:  layout_misc_corridors, hangedman_snake_pattern
Snake:3:  layout_chambers, uniq_louise, uniq_agnes, uniq_asterion
Snake:4:  grunt_snake_rune_serpentine_throne, layout_misc_corridors,
          nicolae_snake_gridmaze_tees, minmay_shoptagon
Orc:1:    layout_diamond_mine, uniq_urug, uniq_maurice
Orc:2:    grunt_orc_tribal_feast, layout_caves, portal_ice_cave_entry_imps,
          nicolae_alphabet_shops, minmay_orc_temple_a
Elf:1:    minmay_elf_arrival_summoners, layout_loops_cross, serial_shops,
          nicolae_shop_waterfront, minivault_28, minmay_curled_crystal,
          nicolae_zig_zag_zippers
Elf:2:    elven_hall_of_blades_hangedman_original
          [infiniplex_blade_entry_pillars], layout_loops_corners, serial_shops,
          nicolae_shop_back_alley_shop
Elf:3:    nooodl_elf_gasket, layout_rooms, uniq_mara

Skill      XL: |  1  2  3  4  5  6  7  8  9 10 11 12 13 14 15 16 17 18 19 20 |
---------------+-------------------------------------------------------------+-----
Long Blades    | 3 4 5 6 7 8 9 10 11 12 13 | 13.3
Spellcasting   | 1 2 3 4 5 7 8 9 10 11 12 13 | 13.8
Conjurations   | 1 2 3 4 5 7 8 9 10 11 12 13 | 13.8
Hexes          | 1 2 3 4 5 7 8 9 10 11 12 13 | 13.8
Summonings     | 1 2 3 4 5 7 8 9 10 11 12 13 | 13.8
Necromancy     | 1 2 3 4 5 7 8 9 10 11 12 13 | 13.8
Translocations | 1 2 3 4 5 7 8 9 10 11 12 13 | 13.8
Transmutations | 1 2 3 4 5 7 8 9 10 11 12 13 | 13.8
Fire Magic     | 1 2 3 4 5 7 8 9 10 11 12 13 | 13.8
Ice Magic      | 1 2 3 4 5 7 8 9 10 11 12 13 | 13.8
Air Magic      | 1 2 3 4 5 7 8 9 10 11 12 13 | 13.8
Earth Magic    | 1 2 3 4 5 7 8 9 10 11 12 13 | 13.8
Poison Magic   | 1 2 3 4 5 7 8 9 10 11 12 13 | 13.8
Armour         | 2 3 4 5 6 7 8 10 11 12 13 14 | 14.2
Dodging        | 3 4 5 6 7 8 9 11 12 13 14 15 | 15.5
Fighting       | 4 5 6 7 8 9 10 11 12 13 14 | 14.5
Evocations     | 2 4 |  4.2
Shapeshifting  | 2 5 7 8 9 10 | 10.4

Action                     |  1- 3 |  4- 6 |  7- 9 | 10-12 | 13-15 | 16-18 | 19-21 || total
---------------------------+-------+-------+-------+-------+-------+-------+-------++-------
  Melee: Falchion          |    66 |   187 |   321 |   651 |   143 |   187 |   625 ||  2180
         Punch             |       |     3 |       |       |       |       |       ||     3
         Unarmed           |       |       |    11 |       |       |       |       ||    11
         Scimitar          |       |       |       |       |  1086 |  1245 |       ||  2331
         Headbutt          |       |       |       |       |    70 |   456 |       ||   526
   Cast: Call Imp          |       |       |     1 |     9 |     2 |       |       ||    12
         Mephitic Cloud    |       |       |       |    43 |    23 |    13 |    11 ||    90
         Fireball          |       |       |       |       |     7 |    16 |     5 ||    28
         Irradiate         |       |       |       |       |       |     1 |       ||     1
         Dispersal         |       |       |       |       |       |     2 |       ||     2
         Vhi's Electric Ch |       |       |       |       |       |       |     1 ||     1
  Evoke: Wand              |       |       |    10 |     6 |    15 |     1 |     1 ||    33
         Lightning rod     |       |       |       |       |       |       |     4 ||     4
    Use: Potion            |       |     2 |       |       |    11 |     1 |     4 ||    18
         Scroll            |       |       |     6 |     7 |     8 |     5 |     5 ||    31
   Stab: Sleeping          |       |     1 |     1 |     4 |     5 |     2 |     2 ||    15
         Paralysed         |       |       |     3 |       |     2 |       |       ||     5
         Distracted        |       |       |     1 |     2 |     2 |     7 |     5 ||    17
         Confused          |       |       |     1 |    50 |    51 |    26 |    17 ||   145
         Invisible         |       |       |       |       |     8 |       |     2 ||    10
         Betrayed ally     |       |       |       |       |     1 |       |       ||     1
         Petrified         |       |       |       |       |       |     1 |       ||     1
         Petrifying        |       |       |       |       |       |       |     1 ||     1
 Armour: Leather armour    |    26 |   154 |   246 |   125 |       |       |       ||   551
         Skin              |       |       |    34 |       |       |       |       ||    34
         Acid dragon scale |       |       |       |   242 |    88 |       |       ||   330
         Quicksilver drago |       |       |       |       |   495 |   726 |   366 ||  1587
  Dodge: Dodged            |    40 |   184 |   150 |   461 |  1339 |  1380 |   697 ||  4251
  Block: Kite shield       |       |    18 |   135 |       |       |       |       ||   153
         Buckler           |       |       |     3 |   204 |   564 |  1127 |   449 ||  2347
         Reflection        |       |       |       |       |       |    96 |    37 ||   133

Table legend: (Time is in decaauts)
 A = Elapsed time spent in this place.
 B = Non-inter-level travel time spent in this place.
 C = Inter-level travel time spent in this place.
 D = Time resting spent in this place.
 E = Time spent auto-exploring this place.
 F = Levels seen in this place.
 G = Mean time per level.
                   A        B        C        D        E       F      G
               +--------+--------+--------+--------+--------+-----+--------+
         Total |  42229 |  39964 |   2265 |  10531 |  20009 |  30 | 1407.6 |
       Dungeon |  22030 |  20844 |   1186 |   7009 |  10166 |  15 | 1468.7 |
          Lair |   8592 |   8026 |    566 |   2083 |   3763 |   5 | 1718.4 |
     Snake Pit |   4758 |   4569 |    189 |    458 |   2867 |   4 | 1189.5 |
  Orcish Mines |   1557 |   1345 |    212 |     57 |    731 |   2 |  778.5 |
   Elven Halls |   4041 |   3931 |    110 |    696 |   1917 |   3 | 1347.0 |
      Gauntlet |   1248 |   1248 |      0 |    228 |    564 |   1 | 1248.0 |
               +--------+--------+--------+--------+--------+-----+--------+

Top non-repeatable levels by time:
     D:1: 3391 daAuts
  Lair:1: 3359 daAuts
     D:4: 2142 daAuts
     D:6: 1849 daAuts
     D:2: 1608 daAuts
 Snake:3: 1597 daAuts
 Snake:4: 1566 daAuts
    D:10: 1546 daAuts
     D:8: 1494 daAuts
   Elf:3: 1487 daAuts
  Lair:3: 1470 daAuts
  Lair:5: 1468 daAuts
    D:11: 1360 daAuts
   Elf:1: 1285 daAuts
   Elf:2: 1268 daAuts
